 Dungeon Crawl Stone Soup version 0.30-a0-553-g7fabdf1491 (webtiles) character file.

Game seed: 7233284543205906253

7 greasedhog the Trooper (level 2, 24/24 HPs)
             Began as a Merfolk Fighter on Dec 26, 2022.
             Quit the game on level 1 of the Dungeon.
             The game lasted 00:00:21 (246 turns).

greasedhog the Trooper (Merfolk Fighter)             Turns: 246, Time: 00:00:22

Health: 24/24      AC:  6    Str: 16    XL:     2   Next: 0%
Magic:  2/2        EV:  8    Int:  7    God:
Gold:   26         SH:  4    Dex: 13    Spells: 1/1 levels left

rFire   . . .      SeeInvis .    a - +0 trident
rCold   . . .      Faith    .    c - +0 buckler
rNeg    . . .      Spirit   .    b - +0 scale mail
rPois   .          Reflect  .    (no helmet)
rElec   .          Harm     .    (no cloak)
rCorr   .          Rampage  .    (no gloves)
Will    .....                    (no boots) Stlth
                                 (no amulet)
HPRegen 0.24/turn                (no ring)
MPRegen 0.08/turn                (no ring)

@: no status effects
A: (nimble swimmer 2), mertail
a: no special abilities


You were on level 1 of the Dungeon.
You visited 1 branch of the dungeon, and saw 1 of its levels.

You collected 26 gold pieces.

Inventory:

Hand Weapons
 a - a +0 trident (weapon)
Armour
 b - a +0 scale mail (worn)
 c - a +0 buckler (worn)
Scrolls
 f - 2 scrolls of silence {unknown}
 g - a scroll of enchant armour {unknown}
 h - a scroll of magic mapping {unknown}
 i - a scroll of amnesia {unknown}
Potions
 d - a potion of might
 e - 2 potions of resistance {unknown}


   Skills:
 * Level 3.5 Fighting
 * Level 3.1 Polearms
 - Level 2.1 Armour
 - Level 3.0 Shields


You had one spell level left.
You didn't know any spells.
Your spell library contained the following spells:

 Spells                   Type           Power      Damage    Failure   Level
 Beastly Appendage        Tmut           0%         N/A       92%         1
 Wereblood                Tmut           0%         N/A       98%         2
 Spider Form              Tmut/Pois      0%         N/A       100%        3


Dungeon Overview and Level Annotations

Branches:
Dungeon (1/15)

Altars:


Innate Abilities, Weirdness & Mutations

((You are very nimble when in or above water. (Stealth+, EV+, Speed+++)))
Your lower body shifts to a powerful aquatic tail in water.


Message History

No target in view!
No target in view!
No target in view!
No target in view!
No target in view!
No target in view!
No target in view!
h - a scroll labelled QAFRY XEET A quokka comes into view.
A quokka is nearby!
Things that are here:
a +0 short sword; a kobold corpse No target in view!
No target in view!
No target in view!
A quokka is nearby!
A quokka is nearby!
You reach to attack!
You barely miss the quokka. You closely miss the quokka.
The quokka bites you but does no damage.
You block the quokka's attack.
You puncture the quokka!
You kill the quokka!
You have reached level 2!
You see here a quokka corpse.
You now have 14 gold pieces (gained 10).
You now have 19 gold pieces (gained 5).
You now have 26 gold pieces (gained 7).
Found a robe.
i - a scroll labelled MEG ZUYMOMOAN No target in view!
You open the door. You open the door.
There is an open door here.
You open the door.
A dart slug and a rat come into view.
Found 12 gold pieces and a robe.
There are monsters nearby!
There are monsters nearby!
Are you sure you want to abandon this character and quit the game? (Confirm with "yes".)

#..
################..
#..............'..
#.##############..
#.# #..... #.#
#.###. #.# #.# #.
#.# #.# #. #@# #.#
#. #'# ##.###. ...
#....#. ..wr.
#..#.#. .......
#..#.#) .........
#......
..........$
##.#.#.
.........[...
#.#... #.#.#.


You could see a dart slug and a rat.

Vanquished Creatures
  A giant cockroach (D:1)
  A goblin (D:1)
  A kobold (D:1)
  2 quokkas (D:1)
5 creatures vanquished.

Notes
Turn   | Place    | Note
-------+----------+-------------------------------------------
     0 | D:1      | greasedhog the Merfolk Fighter began the quest for the Orb.
     0 | D:1      | Reached XP level 1. HP: 18/18 MP: 1/1
   132 | D:1      | Reached XP level 2. HP: 24/24 MP: 2/2
   246 | D:1      | Quit the game

Illustrated notes

Levels and vault maps discovered:
D:1:      saegor_arrival_miasma, layout_basic, minmay_liquid_box,
          minmay_tromino_v4_b

Skill      XL: |  1 |
---------------+----+-----
Polearms       | 3 |  3.1
Fighting       | |  3.5
Armour         | |  2.1
Shields        | |  3.0

Action                   || total
-------------------------++-------
Melee: Trident           ||    18
Armor: Scale mail        ||     7
Dodge: Dodged            ||     4
Block: Buckler           ||     2

Table legend: (Time is in decaauts)
 A = Elapsed time spent in this place.
 B = Non-inter-level travel time spent in this place.
 C = Inter-level travel time spent in this place.
 D = Time resting spent in this place.
 E = Time spent auto-exploring this place.
 F = Levels seen in this place.
 G = Mean time per level.
                   A        B        C        D        E       F      G
               +--------+--------+--------+--------+--------+-----+--------+
         Total |    249 |    249 |      0 |      0 |    202 |   1 |  249.0 |
       Dungeon |    249 |    249 |      0 |      0 |    202 |   1 |  249.0 |
               +--------+--------+--------+--------+--------+-----+--------+

Top non-repeatable levels by time:
     D:1: 249 daAuts
